 Dungeon Crawl Stone Soup version 0.27.1-33-g824d729ab1 (webtiles) character file.

Game seed: 3333983234853343112

69596 Jasc the Severer (level 14, -13/135 HPs)
             Began as a Minotaur Fighter on Dec 10, 2021.
             Was the Champion of Okawaru.
             Mangled by an orc knight (19 damage)
             ... on level 2 of the Orcish Mines.
             The game lasted 01:20:23 (19105 turns).

Jasc the Severer (Minotaur Fighter)                Turns: 19105, Time: 01:20:24

Health: -13/135    AC: 29    Str: 26      XL:     14   Next: 91%
Magic:  19/19      EV:  6    Int:  0 (5)  God:    Okawaru [******]
Gold:   2070       SH: 16    Dex: 16      Spells: 13/13 levels left

rFire    + . .     SeeInvis .   C - +5 war axe
rCold    + + .     Faith    .   T - +1 kite shield {rC+}
rNeg     . . .     Spirit   .   i - +4 gold dragon scales
rPois    +         Reflect  .   S - +0 hat
rElec    .         Harm     .   (no cloak)
rCorr    .         Rampage  .   y - +2 pair of gloves
Will     ++...                  G - +0 pair of boots
Stlth    ..........             p - amulet of regeneration
HPRegen  1.32/turn              k - ring of willpower
MPRegen  0.16/turn              w - +6 ring of dexterity

@: slowed, lost intelligence, very slow
A: horns 2, retaliatory headbutt
a: Renounce Religion, Heroism, Finesse


You were on level 2 of the Orcish Mines.
You worshipped Okawaru.
Okawaru was exalted by your worship.
You visited 5 branches of the dungeon, and saw 22 of its levels.
You also visited: Bailey and Ice Cave.

You collected 2083 gold pieces.
You spent 13 gold pieces at shops.

Inventory:

Hand Weapons
 C - a +5 war axe (weapon)
 W - a +3 morningstar
Armour
 i - +4 gold dragon scales (worn)
 l - the +4 pair of gloves "Bextoo" {rF+ Str+5 Int-5 Dex+4}
   (You found it in a bailey)

   Str:       It affects your strength (+5).
   Int:       It affects your intelligence (-5).
   Dex:       It affects your dexterity (+4).
   rF:        It protects you from fire.
 q - a +2 plate armour of cold resistance
 y - a +2 pair of gloves (worn)
 G - a +0 pair of boots (worn)
 K - a +1 crystal plate armour
 Q - a +0 tower shield
 S - a +0 hat (worn)
 T - a +1 kite shield of cold resistance (worn)
Jewellery
 k - a ring of willpower (left hand)
 p - an amulet of regeneration (around neck)
 w - a +6 ring of dexterity (right hand)
 B - the ring of the Lost Knives {rElec rN+ MP+9 Int-3 Slay+3}
   (You found it on level 6 of the Dungeon)

   [ring of magical power]

   Int:       It affects your intelligence (-3).
   Slay:      It affects your accuracy & damage with ranged weapons and melee
   (+3).
   rElec:     It insulates you from electricity.
   rN:        It protects you from negative energy.
   MP:        It affects your magic capacity (+9).
 V - a +6 ring of intelligence
 Z - an amulet of reflection
Wands
 x - a wand of iceblast (20)
 F - a wand of mindburst (11)
 H - a wand of acid (8)
 J - a wand of polymorph (9)
 L - a wand of digging (6)
 U - a wand of paralysis (26)
Scrolls
 a - a scroll of fog {unknown}
 b - a scroll of enchant weapon
 c - a scroll of immolation {unknown}
 e - 3 scrolls of amnesia {unknown}
 h - 6 scrolls of teleportation
 j - 3 scrolls of fear
 m - a scroll of blinking
 D - 4 scrolls of summoning
 I - 2 scrolls of brand weapon {unknown}
 X - 2 scrolls of enchant armour
 Y - a scroll of identify
Potions
 f - 2 potions of haste
 n - 3 potions of heal wounds
 o - a potion of ambrosia
 r - 2 potions of resistance
 s - 2 potions of invisibility
 t - 4 potions of flight
 u - 2 potions of berserk rage
 v - 3 potions of brilliance
 z - 3 potions of mutation
 A - 8 potions of curing
 M - a potion of magic
 O - 4 potions of might


   Skills:
 + Level 15.6 Fighting
 + Level 16.9 Axes
 + Level 15.6 Armour
 - Level 15.0 Shields
 - Level 8.0 Invocations


You had 13 spell levels left.
You didn't know any spells.
Your spell library contained the following spells:

 Spells                   Type           Power      Damage    Failure   Level
 Animate Skeleton         Necr           0%         N/A       100%        1
 Beastly Appendage        Tmut           0%         N/A       100%        1
 Corona                   Hex            0%         N/A       100%        1
 Pain                     Necr           0%         1d4       100%        1
 Sandblast                Erth           0%         2d4       100%        1
 Sting                    Tmut/Pois      0%         1d3       100%        1
 Corpse Rot               Necr/Air       N/A        N/A       100%        2
 Ensorcelled Hibernation  Hex/Ice        0%         N/A       100%        2
 Passwall                 Tmut/Erth      0%         N/A       100%        2
 Poisonous Vapours        Pois/Air       0%         N/A       100%        2
 Static Discharge         Conj/Air       0%         N/A       100%        2
 Wereblood                Tmut           0%         N/A       100%        2
 Conjure Flame            Conj/Fire      0%         6-21      100%        3
 Ignite Poison            Fire/Tmut/Pois 0%         N/A       100%        3
 Spider Form              Tmut/Pois      0%         N/A       100%        3
 Tukima's Dance           Hex            0%         N/A       100%        3
 Vampiric Draining        Necr           0%         2d6       100%        3
 Airstrike                Air            0%         N/A       100%        4
 Dispel Undead            Necr           0%         3d6       100%        4
 Ice Form                 Ice/Tmut       0%         N/A       100%        4
 Sticky Flame             Conj/Fire      0%         2d3       100%        4
 Summon Lightning Spire   Summ/Air       0%         N/A       100%        4
 Freezing Cloud           Conj/Ice/Air   0%         6-21      100%        5
 Lee's Rapid Deconstruct  Erth           0%         3d5*      100%        5
 Lightning Bolt           Conj/Air       0%         1d11      100%        5
 Statue Form              Tmut/Erth      0%         N/A       100%        6


Dungeon Overview and Level Annotations

Branches:
Dungeon (12/15)            Temple (1/1) D:6            Lair (6/6) D:8
 Shoals (0/4) Lair:3       Spider (1/4) Lair:3        Slime (0/5) Lair:6
    Orc (2/2) D:9             Elf (0/3) Orc:2        Bailey (visited)
  IceCv (visited)

Altars:
Ashenzari
Cheibriados
Dithmenos
Elyvilon
Fedhas
Gozag
Hepliaklqana
Kikubaaqudgha
Makhleb
Nemelex Xobeh
Okawaru
Qazlal
Ru
Sif Muna
Trog
Uskayaw
Vehumet
Wu Jian
Xom
Yredelemnul
Zin
The Shining One
Beogh

Shops:
D:11 =?(!   Orc:2 !?

Annotations:
D:7 2 transporters, PanSaczeczos's ghost, novice DrFi


Innate Abilities, Weirdness & Mutations

You have a pair of horns on your head.
You reflexively headbutt those who attack you in melee.


Message History

Your headbutt misses the sun demon.
The sun demon is severely wounded.
The sun demon hits you but does no damage.
You closely miss the sun demon.
The sun demon is severely wounded.
The orc knight roars a battlecry!
The sun demon hits you but does no damage.
You slice the sun demon!!
You kill the sun demon!
The sun demon disappears in a puff of smoke!
You block the orc knight's attack.
The orc knight roars a battlecry!
The orc knight goes into a battle-frenzy!
The ice devil disappears in a puff of smoke!
The neqoxec gestures at you.
You feel dopey.
You have lost your intelligence.
Something feeds on your intellect!
The neqoxec disappears in a puff of smoke!
The orc knight completely misses you.
The orc knight hits you but does no damage.
The orc high priest utters an invocation to Beogh.
You can move again.
Press: ? - help, v - describe, . - travel
Here: an orange demon (summoned)
The floor.
The orc knight hits you from afar with a +0 halberd!!
* * * LOW HITPOINT WARNING * * *
The orc knight hits you but does no damage.
You block the orange demon's attack.
You feel much better.
The orc knight hits you with a +3 great sword!
* * * LOW HITPOINT WARNING * * *
You block the orc knight's attack. You block the orc high priest's attack.
You block the orange demon's attack.
The orc high priest calls upon Beogh to heal the orc knight.
The orc knight's wounds heal themselves!
The orc knight hits you from afar with a +0 halberd!!
* * * LOW HITPOINT WARNING * * *
The orc knight hits you with a +3 great sword!!
You die...

..#..... #..#. ##)))###..
........ ## #..### ##...###.
........ ##.# #44# ##.#.###
.......###...##.o# ##...##
........###.#.##. ##)#.###
.........###.))## ##o..###.
..........###...## ##...###..
.......##..###...## ##...###..#
.......###..###)@o## ##...###..##
........###..###..o###)..###..###
......#.# ##).##.4oo#....##..###.
.......## ##))#)#4....#^#..###..
..#....## ##))...........###...
..##....# ##)))#.#.#...###....
.#####.## ##.........###..... ###
### ##..#.#..###...... #.#
##.....###.....).


You could see 2 orc knights, 2 orc high priests, an orange demon (summoned) and
a red devil (summoned).

Vanquished Creatures
  Harold (D:7)
  3 boulder beetles (D:12)
  3 catoblepae (Lair:6)
  5 hydras
  3 two-headed ogres
  A death knight (D:12)
  12 death yaks
  2 orc high priests
  Sonja (Lair:5)
  A sun demon (Orc:2)
  Pikel (D:4)
  3 orc knights
  A necromancer (Lair:2)
  A deep elf pyromancer (D:12)
  An ugly thing (D:12)
  An oklob plant (D:10)
  4 orc sorcerers (Orc:2)
  A wolf spider (Lair:3)
  A cyclops (D:11)
  3 manticores
  3 black mambas
  A rust devil (Orc:2)
  2 ice statues (IceCv)
  A torpor snail (Lair:4)
  11 cane toads
  3 orange demons (Orc:2)
  A kobold demonologist (D:11)
  10 komodo dragons
  A freezing wraith (IceCv)
  An anaconda simulacrum (IceCv)
  A hellwing (Orc:2)
  4 trolls
  3 hornets
  3 polar bears
  16 blink frogs
  13 dream sheep (Lair:6)
  2 shadows (D:12)
  3 wraiths
  A vampire (D:9)
  Sigmund (D:5)
  41 yaks
  8 wyverns
  4 basilisks
  Eustachio (D:6)
  2 chaos spawn (Orc:2)
  A steam dragon (D:7)
  4 wargs (Orc:2)
  Menkaure (D:6)
  7 vampire mosquitoes
  Edmund (D:5)
  3 death yak simulacra (IceCv)
  17 water moccasins
  An acid dragon (D:11)
  2 black bears
  40 orc warriors
  3 sky beasts
  3 ice beasts
  9 ogres
  4 wolves (Lair:6)
  5 centaurs
  21 bullfrogs
  12 kobold brigands
  3 gnoll sergeants
  A water moccasin zombie (D:5)
  A scorpion (D:5)
  A water moccasin skeleton (D:5)
  6 killer bees (D:9)
  3 vampire bats (D:10)
  9 wights
  5 howler monkeys
  4 centaur zombies
  A gnoll shaman (D:8)
  2 hounds
  22 jellies
  24 orc priests
  2 centaur skeletons
  An iguana (D:6)
  13 orc wizards
  4 polar bear simulacra (Lair:2)
  2 yak simulacra (Lair:2)
  2 killer bee zombies (D:5)
  4 wolf simulacra (Lair:2)
  A hound skeleton (D:4)
  3 howler monkey zombies (D:9)
  14 gnolls
  7 adders
  3 howler monkey skeletons
  4 shadow imps
  3 white imps
  2 ufetubi
  An adder skeleton (D:4)
  2 dart slugs
  87 orcs
  4 ball pythons
  4 bat skeletons (D:10)
  A bat zombie (D:10)
  19 endoplasms
  4 giant cockroaches
  5 goblins
  4 hobgoblins
  6 jackals
  52 kobolds
  2 quokkas
  3 bats
  6 frilled lizards
  12 kobold skeletons (D:11)
  6 kobold zombies (D:11)
  2 rats
  A river rat simulacrum (Lair:2)
688 creatures vanquished.

Vanquished Creatures (others)
  A wizard (D:6)
  An ugly thing (IceCv)
  31 fungi
  49 plants
82 creatures vanquished.

Grand Total: 770 creatures vanquished

Notes
Turn   | Place    | Note
-------+----------+-------------------------------------------
     0 | D:1      | Jasc the Minotaur Fighter began the quest for the Orb.
     0 | D:1      | Reached XP level 1. HP: 19/19 MP: 0/0
   253 | D:1      | Reached XP level 2. HP: 27/27 MP: 1/1
   332 | D:1      | Found a faded altar of an unknown god.
  1253 | D:2      | Reached skill level 3 in Axes
  1253 | D:2      | Reached XP level 3. HP: 22/33 MP: 2/2
  2448 | D:3      | Reached XP level 4. HP: 40/40 MP: 3/3
  2517 | D:3      | Found a blossoming altar of Fedhas.
  3303 | D:4      | Noticed a lemure
  3303 | D:4      | Noticed a lemure
  3304 | D:4      | Noticed a lemure
  3305 | D:4      | Noticed Pikel
  3312 | D:4      | Noticed a lemure
  3325 | D:4      | Killed Pikel
  3326 | D:4      | Reached skill level 5 in Fighting
  3326 | D:4      | Reached skill level 6 in Axes
  3326 | D:4      | Reached skill level 5 in Armour
  3326 | D:4      | Reached skill level 5 in Shields
  3326 | D:4      | Reached XP level 5. HP: 17/48 MP: 4/4
  3326 | D:4      | Reached XP level 6. HP: 20/56 MP: 5/5
  3326 | D:4      | Reached XP level 7. HP: 22/61 MP: 6/6
  3384 | D:4      | Found a shadowy altar of Dithmenos.
  3885 | D:5      | Entered Level 5 of the Dungeon
  3970 | D:5      | Reached skill level 7 in Axes
  3979 | D:5      | Noticed Edmund
  4000 | D:5      | Killed Edmund
  4001 | D:5      | Reached XP level 8. HP: 15/70 MP: 7/7
  4136 | D:5      | Noticed Sigmund
  4145 | D:5      | Killed Sigmund
  4425 | D:5      | Reached skill level 8 in Axes
  4445 | D:5      | Noticed a komodo dragon
  4557 | D:5      | Killed a komodo dragon
  4882 | D:6      | Found a burning altar of Makhleb.
  4928 | D:6      | Found a staircase to the Ecumenical Temple.
  4958 | D:6      | Reached skill level 9 in Axes
  4998 | Temple   | Entered the Ecumenical Temple
  5093 | Temple   | Became a worshipper of Warmaster Okawaru
  5118 | D:6      | Reached XP level 9. HP: 79/79 MP: 8/8
  5282 | D:6      | Found a shimmering altar of Xom.
  5304 | D:6      | Identified the ring of the Lost Knives {rElec rN+ MP+9
                  | Int-3 Slay+3}
  5406 | D:6      | Noticed Eustachio
  5414 | D:6      | Noticed Menkaure
  5417 | D:6      | Killed Eustachio
  5424 | D:6      | Killed Menkaure
  5425 | D:6      | Reached skill level 10 in Axes
  5430 | D:6      | Reached * piety under Okawaru
  5460 | D:6      | Found a bloodstained altar of Trog.
  5487 | D:6      | Noticed a wizard
  5492 | D:6      | Killed a wizard
  5631 | D:6      | Got Josmupn's Collected Works on Transmutation
  5853 | D:6      | Found a sparkling altar of Nemelex Xobeh.
  5906 | D:7      | Reached skill level 11 in Axes
  5982 | D:7      | Reached ** piety under Okawaru
  5986 | D:7      | Reached skill level 12 in Axes
  6138 | D:7      | Found a transporter.
  6138 | D:7      | Noticed PanSaczeczos's ghost (novice DrFi)
  6145 | D:7      | Found a transporter.
  6152 | D:7      | Reached XP level 10. HP: 78/90 MP: 9/9
  6196 | D:7      | Found a snail-covered altar of Cheibriados.
  6282 | D:7      | Noticed Harold
  6312 | D:7      | Killed Harold
  6312 | D:7      | Reached *** piety under Okawaru
  6313 | D:7      | Reached skill level 13 in Axes
  6961 | D:8      | Found a staircase to the Lair.
  6982 | D:8      | Found an ornate altar of the Wu Jian Council.
  7144 | D:8      | Found a hazy altar of Hepliaklqana.
  7670 | D:9      | Found a staircase to the Orcish Mines.
  7729 | D:9      | Reached skill level 14 in Axes
  7864 | D:9      | Reached **** piety under Okawaru
  7874 | D:9      | Found a shimmering blue altar of Sif Muna.
  7928 | D:9      | Noticed a two-headed ogre
  7943 | D:9      | Killed a two-headed ogre
  7944 | D:9      | Reached skill level 15 in Axes
  7944 | D:9      | Reached XP level 11. HP: 95/99 MP: 10/10
  7949 | D:9      | Reached ***** piety under Okawaru
  8083 | D:9      | Reached skill level 10 in Shields
  8153 | D:9      | Reached skill level 10 in Armour
  8155 | D:9      | Reached skill level 10 in Fighting
  8365 | D:10     | Entered Level 10 of the Dungeon
  8495 | D:10     | Found a white marble altar of Elyvilon.
  8503 | D:10     | Found a stormy altar of Qazlal.
  8505 | D:10     | Found a flagged portal.
  8514 | Bailey   | Entered a bailey
  8668 | Bailey   | Noticed an orc knight
  8669 | Bailey   | Noticed an orc knight
  8792 | Bailey   | Identified the +4 pair of gloves "Bextoo" {rF+ Str+5 Int-5
                  | Dex+4}
  8989 | D:10     | Noticed an oklob plant
  9033 | D:10     | Killed an oklob plant
  9033 | D:10     | Received a gift from Okawaru
  9059 | D:10     | Noticed a two-headed ogre
  9075 | D:10     | Killed a two-headed ogre
  9076 | D:10     | Reached skill level 16 in Axes
  9182 | D:10     | Found an ancient bone altar of Kikubaaqudgha.
  9355 | D:11     | Found Boduheb's Weapon Emporium.
  9553 | D:11     | Found Mypakh's Distillery.
  9562 | D:11     | Bought a potion of degeneration for 13 gold pieces
  9741 | D:11     | Found an ancient bone altar of Kikubaaqudgha.
 10113 | D:11     | Found Kaliloty's Magic Scroll Emporium.
 10127 | D:11     | Found Idiaman's Jewellery Boutique.
 10556 | D:12     | Noticed a deep elf pyromancer
 10570 | D:12     | Killed a deep elf pyromancer
 10571 | D:12     | Reached XP level 12. HP: 98/110 MP: 11/11
 10644 | D:12     | Noticed a boulder beetle
 10649 | D:12     | Reached skill level 1 in Invocations
 10650 | D:12     | Received a gift from Okawaru
 10673 | D:12     | Killed a boulder beetle
 10679 | D:12     | Noticed a boulder beetle
 10699 | D:12     | Killed a boulder beetle
 10811 | D:12     | Noticed a boulder beetle
 10812 | D:12     | Noticed a death knight
 10833 | D:12     | Killed a death knight
 10833 | D:12     | Received a gift from Okawaru
 10860 | D:12     | Killed a boulder beetle
 11370 | Lair:1   | Entered Level 1 of the Lair of Beasts
 12294 | Lair:2   | Found an ancient bone altar of Kikubaaqudgha.
 12347 | Lair:2   | Noticed a death yak
 12348 | Lair:2   | Noticed a death yak
 12348 | Lair:2   | Noticed a death yak
 12348 | Lair:2   | Noticed a death yak
 12369 | Lair:2   | Killed a death yak
 12373 | Lair:2   | Killed a death yak
 12379 | Lair:2   | Killed a death yak
 12385 | Lair:2   | Killed a death yak
 12589 | Lair:2   | Reached XP level 13. HP: 118/119 MP: 15/15
 13407 | Lair:3   | Reached ****** piety under Okawaru
 13504 | Lair:3   | Found a hole to the Spider Nest.
 13521 | Spider:1 | Entered Level 1 of the Spider Nest
 13539 | Lair:3   | Found a staircase to the Shoals.
 14316 | Lair:4   | Reached skill level 5 in Invocations
 14319 | Lair:4   | Identified the +10 quick blade of the Desolation of Salt
                  | {protect, rElec rPois rCorr} (Okawaru gifted it to you on
                  | level 4 of the Lair of Beasts)
 14319 | Lair:4   | Received a gift from Okawaru
 15278 | Lair:5   | Found a frozen archway.
 15291 | IceCv    | Entered an ice cave
 15302 | IceCv    | Found a transporter.
 15322 | IceCv    | Found a transporter.
 15622 | Lair:5   | Reached skill level 15 in Shields
 15691 | Lair:5   | Noticed Sonja
 15712 | Lair:5   | Killed Sonja
 15712 | Lair:5   | Identified the +1 battleaxe of Eternal Night {elec, rPois
                  | Dex+10} (Okawaru gifted it to you on level 5 of the Lair of
                  | Beasts)
 15712 | Lair:5   | Received a gift from Okawaru
 16187 | Lair:6   | Entered Level 6 of the Lair of Beasts
 16322 | Lair:6   | Found a staircase to the Slime Pits.
 16327 | Lair:6   | Identified the +9 glaive of Honour {drain, Str+4} (Okawaru
                  | gifted it to you on level 6 of the Lair of Beasts)
 16327 | Lair:6   | Received a gift from Okawaru
 16464 | Lair:6   | Reached XP level 14. HP: 111/130 MP: 18/18
 16720 | Lair:6   | Received a gift from Okawaru
 16975 | Lair:6   | Reached skill level 15 in Fighting
 16975 | Lair:6   | Reached skill level 15 in Armour
 17812 | Orc:1    | Entered Level 1 of the Orcish Mines
 18250 | Orc:2    | Entered Level 2 of the Orcish Mines
 18315 | Orc:2    | Found a staircase to the Elven Halls.
 18822 | Orc:2    | Found Rovol's Distillery.
 18854 | Orc:2    | Found Tuce Lota's Magic Scroll Boutique.
 18939 | Orc:2    | Received a gift from Okawaru
 19101 | Orc:2    | Lost intelligence.
 19105 | Orc:2    | HP: 6/135 [orc knight (25)]
 19105 | Orc:2    | Mangled by an orc knight

Illustrated notes

Levels and vault maps discovered:
D:1:      scummos_arrival_hexagon, layout_loops_cross,
          chequers_ecumenical_altar_simple, serial_park_tiny_1,
          nrook_loot_triangle, hangedman_decor_riveting
D:2:      layout_basic, item_on_display_a
D:3:      layout_basic, lemuel_doored_altar
D:4:      layout_basic, nicolae_dithmenos_shadow_blocks, uniq_pikel
D:5:      layout_loops_cross, minmay_between, uniq_edmund, uniq_sigmund
D:6:      layout_loops_cross, mainiacjoe_overflow_catwalk, trog_wizard,
          kennysheep_mini_moat, bloody_makhleb, temple_pool_b, minivault_23,
          grunt_ministairs_14, minmay_quadrilaterals, uniq_menkaure,
          uniq_eustachio
D:7:      cheibrodos_fzero, layout_gridville, kennysheep_slug_shrine,
          gammafunk_ghost_stat_death, uniq_harold
D:8:      layout_rooms, nicolae_hepliaklqana_hazy_memory, lemuel_tele_altar,
          lair_entry_dummy
D:9:      minmay_s_stair_smasher, layout_loops_ring, kennysheep_little_box,
          minmay_orc_entry_temple_small
D:10:     lemuel_slime, layout_cave_pools, mainiacjoe_overflow_alcove_1,
          grunt_qazlal_sundering, kennysheep_vampire_church, enter_bailey_2
D:11:     wander_kiku_kobolds, layout_gridville, serial_rivers,
          chequers_serial_rivers_room_b, chequers_serial_rivers_micro_c,
          chequers_serial_rivers_micro_d, chequers_serial_rivers_small_3,
          chequers_serial_rivers_small_3, serial_shops, nicolae_stop_n_shop_1,
          nicolae_square_shop, nicolae_shop_statue_plus, nicolae_lakefront_shop
D:12:     layout_rooms
Temple:   dpeg_three_leaves_temple
Lair:1:   layout_regular_city
Lair:2:   layout_chaotic_city, basic_altar, minivault_26,
          eino_house_with_fridge, grunt_megastairs_3
Lair:3:   layout_layer_cave, shoals_dummy_entry, spider_nest_entry_rubble
Lair:4:   layout_cave_pods, serial_bayou_shore_b
Lair:5:   layout_loops_ring, portal_ice_cave_entry_pillars_1,
          bh_autumn_forest_stairs, uniq_sonja
Lair:6:   evilmike_catoblepas_cave, layout_small_grid,
          minmay_slime_entry_jelly_boxes
Spider:1: layout_spider_delve, hangedman_spider_tarantella_strand
Orc:1:    layout_caves
Orc:2:    pf_orc_diabolical, layout_diamond_mine, minmay_orc_temple_a, uniq_urug

Skill      XL: |  1  2  3  4  5  6  7  8  9 10 11 12 13 14 |
---------------+-------------------------------------------+-----
Armour         | 4 5 6 7 8 9 11 12 13 15 | 15.6
Fighting       | 4 5 6 7 8 9 11 12 13 15 | 15.6
Shields        | 4 5 6 7 8 9 12 14 15 | 15.0
Axes           | 3 6 7 9 12 15 16 | 16.9
Invocations    | 4 7 8 |  8.0

Action                   |  1- 3 |  4- 6 |  7- 9 | 10-12 | 13-15 || total
-------------------------+-------+-------+-------+-------+-------++-------
Melee: War axe           |    93 |    50 |   234 |   678 |   770 ||  1825
       Headbutt          |    11 |     7 |    57 |   185 |   227 ||   487
       Morningstar       |       |       |       |       |    32 ||    32
Invok: Heroism           |       |       |       |       |     1 ||     1
       Finesse           |       |       |       |       |     1 ||     1
Evoke: Wand              |       |       |       |     1 |     1 ||     2
  Use: Potion            |       |     1 |       |     1 |     3 ||     5
       Scroll            |       |       |       |    21 |     6 ||    27
Armor: Scale mail        |    46 |    21 |    76 |       |       ||   143
       Plate armour      |       |       |    11 |   137 |       ||   148
       Gold dragon scale |       |       |       |   145 |   316 ||   461
Dodge: Dodged            |    33 |    15 |    71 |   101 |   122 ||   342
Block: Kite shield       |    47 |    29 |   130 |   391 |   465 ||  1062
